 Dungeon Crawl Stone Soup version 0.29.0 (webtiles) character file.

Game seed: 4321676988638449098

5651 slphil the Fighter (level 10, -12/110 HPs)
             Began as an Ogre Necromancer on Aug 25, 2022.
             Was a Believer of Kikubaaqudgha.
             Mangled by a catoblepas (20 damage)
             ... on level 8 of the Dungeon.
             The game lasted 00:23:12 (12306 turns).

slphil the Fighter (Ogre Necromancer)              Turns: 12306, Time: 00:23:13

Health: -12/110    AC:  6    Str: 18    XL:     10   Next: 74%
Magic:  13/20      EV:  8    Int: 25    God:    Kikubaaqudgha [**....]
Gold:   1018       SH:  8    Dex:  9    Spells: 9/23 levels left

rFire   . . .      SeeInvis +   L - +3 morningstar (protect)
rCold   . . .      Faith    .   K - +0 kite shield
rNeg    . . .      Spirit   .   x - +2 robe "Giram" {Int+3}
rPois   .          Reflect  .   (helmet restricted)
rElec   .          Harm     .   w - +0 cloak
rCorr   .          Rampage  .   (gloves unavailable)
Will    +....                   (boots unavailable)
Stlth   +.........              C - amulet of magic regeneration
HPRegen 0.28/turn               f - ring of see invisible
MPRegen 0.57/turn               y - +6 ring of intelligence

@: very slightly contaminated
A: large, unfitting armour, tough skin 1
a: Renounce Religion, Unearth Wretches


You were on level 8 of the Dungeon.
You worshipped Kikubaaqudgha.
Kikubaaqudgha was pleased with you.
You visited 2 branches of the dungeon, and saw 9 of its levels.
You also visited: Sewer and Bailey.

You collected 1081 gold pieces.
You spent 63 gold pieces at shops.

Inventory:

Hand Weapons
 a - a +3 flail of protection
 r - a +0 morningstar of venom
 L - a +3 morningstar of protection (weapon)
Missiles
 F - 6 javelins
 G - 3 silver javelins
 J - a throwing net
Armour
 i - a +1 robe
 w - a +0 cloak (worn)
 x - the +2 robe "Giram" (worn) {Int+3}
   (You found it in a sewer)

   Int:       It affects your intelligence (+3).
 K - a +0 kite shield (worn)
Magical Staves
 b - a staff of death
Jewellery
 d - a ring of protection from fire
 f - a ring of see invisible (left hand)
 l - a ring of protection from cold
 y - a +6 ring of intelligence (right hand)
 C - an amulet of magic regeneration (around neck)
 M - a +6 ring of intelligence
 N - a ring of ice
Wands
 v - a wand of flame (10)
 E - a wand of paralysis (20)
 I - a wand of polymorph (5)
Scrolls
 e - a scroll of acquirement {unknown}
 j - a scroll of teleportation
 k - a scroll of fear
 n - a scroll of amnesia
 o - 8 scrolls of identify
 z - 2 scrolls of blinking
Potions
 c - a potion of resistance
 g - 2 potions of heal wounds
 h - 3 potions of mutation
 m - a potion of berserk rage {unknown}
 p - a potion of ambrosia {unknown}
 q - 3 potions of attraction {unknown}
 s - 2 potions of haste {unknown}
 t - 7 potions of curing
 u - 2 potions of might {unknown}
 A - 5 potions of magic
 B - 2 potions of invisibility {unknown}
 D - a potion of degeneration {unknown}
 H - a potion of lignification {unknown}


   Skills:
 - Level 10.0 Fighting
 * Level 8.5 Maces & Flails
 - Level 1.7 Dodging
 - Level 1.4 Stealth
 + Level 6.1 Shields
 - Level 7.0 Spellcasting
 - Level 6.0 Necromancy


You had 9 spell levels left.
You knew the following spells:

 Your Spells              Type           Power      Damage    Failure   Level
a - Necrotise             Necr           100%       1d9       1%          1
b - Vampiric Draining     Necr           38%        2d8       3%          3
c - Animate Dead          Necr           38%        N/A       12%         4
d - Sublimation of Blood  Necr           38%        N/A       1%          2
e - Anguish               Hex/Necr       11%        N/A       38%         4

Your spell library contained the following spells:

 Spells                   Type           Power      Damage    Failure   Level
 Freeze                   Ice            32%        1d5       14%         1
 Shock                    Conj/Air       32%        1d5       14%         1
 Agony                    Necr           38%        N/A       32%         5
 Frozen Ramparts          Ice            16%        1d3       38%         3
 Swiftness                Air            8%         N/A       38%         3
 Airstrike                Air            4%         2d(1-17)  80%         4
 Hailstorm                Conj/Ice       8%         3d4       80%         4


Dungeon Overview and Level Annotations

Branches:
Dungeon (8/15)             Temple (1/1) D:5           Sewer (visited)
 Bailey (visited)
   Lair: D:8-11

Altars:
Ashenzari
Cheibriados
Dithmenos
Fedhas
Hepliaklqana
Kikubaaqudgha
Makhleb
Nemelex Xobeh
Okawaru
Ru
Sif Muna
Trog
Uskayaw
Vehumet
Wu Jian
Xom
Yredelemnul
Zin
The Shining One

Shops:
D:5 [   D:7 !   D:8 *

Annotations:
D:7 2 transporters, dang3rdave's ghost, novice KoBr


Innate Abilities, Weirdness & Mutations

You are too large for most types of armour.
You have tough skin. (AC +1)


Message History

The catoblepas is heavily wounded.
You block the catoblepas's attack.
The catoblepas breathes a plume of calcifying dust at you.
The blast of calcifying dust hits you.
* * * LOW HITPOINT WARNING * * *
Unknown command.
The catoblepas closely misses you.
Casting: Necrotise (safe; 1% risk of failure)
Confirm with . or Enter, or press ? or * to list all spells.
Aiming: Vampiric Draining (mildly dangerous; 3% risk of failure)
Press: ? - help, Shift-Dir - straight line, f/p - catoblepas
Aim: a catoblepas (heavily wounded)
You draw life force from the catoblepas!
You feel life coursing into your body.
The catoblepas breathes a plume of calcifying dust at you.
The blast of calcifying dust hits you.
* * * LOW HITPOINT WARNING * * *
The catoblepas gores you!
* * * LOW HITPOINT WARNING * * *
Casting: Vampiric Draining (mildly dangerous; 3% risk of failure)
Confirm with . or Enter, or press ? or * to list all spells.
Aiming: Vampiric Draining (mildly dangerous; 3% risk of failure)
Press: ? - help, Shift-Dir - straight line, f/p - catoblepas
Aim: a catoblepas (heavily wounded)
You draw life force from the catoblepas!
You feel life coursing into your body.
The catoblepas breathes a plume of calcifying dust at you.
The blast of calcifying dust hits you.
* * * LOW HITPOINT WARNING * * *
Casting: Vampiric Draining (mildly dangerous; 3% risk of failure)
Confirm with . or Enter, or press ? or * to list all spells.
Aiming: Vampiric Draining (mildly dangerous; 3% risk of failure)
Press: ? - help, Shift-Dir - straight line, f/p - catoblepas
Aim: a catoblepas (severely wounded)
You miscast Vampiric Draining.
You are very lightly contaminated with residual magic.
Nothing appears to happen.
You are engulfed in calcifying dust.
The catoblepas gores you!!
You die...
Kikubaaqudgha rasps: "You have failed me!
Welcome... death!"

#.#.#.# #....######.#
#.#.#.#####..[......#
#.#.#.....'.........#
#
#.#.#######........##
# #.#.# ########## #
##'#.############ #
#...............# #
#§§§§§§Y..).....# #
#......@))).....#
######
#......§........#
#.....
#......§........#
#.....
#....[..........#
#.....
#...............#
#.....
#...............#
#.....
##........###...#
#..... #.######.#
###.# #..... #.# #.#
#.# ######


You could see a catoblepas.

Vanquished Creatures
  A two-headed ogre (D:7)
  A deep elf pyromancer (D:8)
  An unseen horror (D:7)
  Prince Ribbit (D:7)
  A shadow (D:8)
  A wyvern (D:7)
  A steam dragon (D:8)
  2 water moccasins
  A black bear (D:6)
  6 orc warriors
  2 ice beasts
  An ogre (D:5)
  A centaur (D:8)
  2 phantoms
  4 kobold brigands
  4 bullfrogs
  4 scorpions
  A necrophage (D:5)
  4 wights (D:6)
  5 jellies
  2 orc priests
  2 hounds
  Crazy Yiuf (D:7)
  A gnoll bouda (D:7)
  Jessica (D:2)
  5 iguanas
  9 orc wizards
  Natasha (thrice) (D:2)
  Robin (D:1)
  14 gnolls
  12 adders
  2 shadow imps
  4 worms
  A dart slug (D:2)
  26 orcs
  11 ball pythons
  7 bats
  8 endoplasms
  10 giant cockroaches
  17 goblins
  6 hobgoblins
  5 jackals
  6 quokkas
  10 frilled lizards
  13 kobolds
  3 rats
224 creatures vanquished.

Vanquished Creatures (collateral kills)
  Menkaure (D:7)
  An orc priest (D:6)
  3 orcs
  A ball python (Sewer)
  3 giant cockroaches (Sewer)
  A frilled lizard (Sewer)
  A goblin (D:2)
  A rat (D:2)
12 creatures vanquished.

Vanquished Creatures (others)
  A kobold brigand (Bailey)
  A bullfrog zombie (D:8)
  2 adder zombies (D:6)
  7 orc zombies
  6 fungi (D:7)
  10 plants
27 creatures vanquished.

Grand Total: 263 creatures vanquished

Notes
Turn   | Place    | Note
-------+----------+-------------------------------------------
     0 | D:1      | slphil the Ogre Necromancer began the quest for the Orb.
     0 | D:1      | Reached XP level 1. HP: 16/16 MP: 3/3
    88 | D:1      | Found a faded altar of an unknown god.
   267 | D:1      | Reached skill level 1 in Fighting
   267 | D:1      | Reached XP level 2. HP: 27/27 MP: 3/5
  1109 | D:2      | Noticed Robin
  1257 | D:1      | Killed Robin
  1258 | D:1      | Reached skill level 2 in Fighting
  1258 | D:1      | Reached XP level 3. HP: 14/35 MP: 3/7
  1685 | D:2      | Learned a level 3 spell: Vampiric Draining
  1826 | D:2      | Found a shimmering altar of Xom.
  1827 | D:2      | Noticed Jessica
  1828 | D:2      | Noticed Natasha
  1836 | D:2      | Killed Natasha
  1837 | D:2      | Reached XP level 4. HP: 40/44 MP: 5/9
  1840 | D:2      | Killed Jessica
  1841 | D:2      | Reached skill level 3 in Fighting
  2392 | D:2      | Noticed Natasha
  2407 | D:2      | Killed Natasha
  2408 | D:2      | Reached XP level 5. HP: 37/53 MP: 0/10
  2507 | D:2      | Noticed Natasha
  2519 | D:2      | Killed Natasha
  3529 | D:3      | Reached skill level 4 in Fighting
  3642 | D:3      | Reached XP level 6. HP: 55/62 MP: 1/12
  3815 | D:3      | Learned a level 4 spell: Animate Dead
  3941 | D:4      | Found a snail-covered altar of Cheibriados.
  4066 | D:4      | Found a glowing drain.
  4077 | Sewer    | Entered a sewer
  4490 | Sewer    | Reached skill level 5 in Necromancy
  4697 | Sewer    | Reached skill level 5 in Fighting
  4701 | Sewer    | Reached skill level 5 in Spellcasting
  4701 | Sewer    | Reached XP level 7. HP: 32/72 MP: 3/14
  4777 | Sewer    | Identified the +2 robe "Giram" {Int+3}
  5429 | D:4      | Found an ornate altar of the Wu Jian Council.
  5494 | D:4      | Reached skill level 6 in Fighting
  5939 | D:5      | Entered Level 5 of the Dungeon
  5939 | D:5      | Found Jaul's Armour Boutique.
  6178 | D:5      | Reached XP level 8. HP: 53/84 MP: 13/17
  6606 | D:5      | Reached skill level 7 in Fighting
  6757 | D:5      | Found a staircase to the Ecumenical Temple.
  6767 | Temple   | Entered the Ecumenical Temple
  6879 | Temple   | Became a worshipper of Kikubaaqudgha
  6947 | D:5      | Bought a +0 cloak for 63 gold pieces
  7422 | D:5      | Reached skill level 8 in Fighting
  7597 | D:6      | Reached skill level 9 in Fighting
  7686 | D:6      | Reached skill level 10 in Fighting
  7695 | D:6      | Reached XP level 9. HP: 44/101 MP: 13/19
  7697 | D:6      | Reached skill level 1 in Maces & Flails
  8155 | D:6      | Reached skill level 1 in Shields
  8277 | D:6      | Reached * piety under Kikubaaqudgha
  8277 | D:6      | Received a gift from Kikubaaqudgha
  8282 | D:6      | Learned a level 2 spell: Sublimation of Blood
  8287 | D:6      | Learned a level 4 spell: Anguish
  9382 | D:7      | Killed an unseen horror
  9405 | D:7      | Noticed dang3rdave's ghost (novice KoBr)
  9425 | D:7      | Found a transporter.
  9449 | D:7      | Found a transporter.
  9538 | D:7      | Found a blossoming altar of Fedhas.
  9755 | D:7      | Reached skill level 5 in Maces & Flails
  9755 | D:7      | Noticed Menkaure
  9761 | D:7      | Killed Menkaure
  9769 | D:7      | Noticed a two-headed ogre
  9826 | D:7      | Noticed Prince Ribbit
  9842 | D:7      | Killed Prince Ribbit
  9870 | D:7      | Found a flagged portal.
  9884 | Bailey   | Entered a bailey
 10151 | Bailey   | Reached skill level 5 in Shields
 10151 | Bailey   | Reached XP level 10. HP: 97/110 MP: 16/20
 10168 | Bailey   | Reached ** piety under Kikubaaqudgha
 10607 | Bailey   | Found a bloodstained altar of Trog.
 10717 | D:7      | Killed a two-headed ogre
 10810 | D:7      | Found Meta's Distillery.
 10827 | D:7      | Found a runed translucent door.
 10828 | D:7      | Noticed Crazy Yiuf
 10835 | D:7      | Killed Crazy Yiuf
 11280 | D:8      | Noticed a deep elf pyromancer
 11316 | D:8      | Killed a deep elf pyromancer
 11646 | D:8      | Found Hutoak's Assorted Antiques.
 11984 | D:8      | Noticed a catoblepas
 12248 | D:8      | Noticed a kobold demonologist
 12304 | D:8      | HP: 5/110 [catoblepas (14)]
 12306 | D:8      | Mangled by a catoblepas

Illustrated notes

Levels and vault maps discovered:
D:1:      erik_arrival_blinker_ship, layout_basic,
          ebering_ecumenical_altar_webs, minmay_misc_feat_rugged
D:2:      layout_loops_cross, basic_altar, st_stairs_4, uniq_robin,
          uniq_natasha, uniq_jessica
D:3:      layout_loops_ring, guppyfry_early_lair_pool
D:4:      layout_cave_pods, mainiacjoe_overflow_catwalk, lemuel_tele_altar,
          portal_sewer_entry_a
D:5:      layout_cave_pools, minmay_temple_entry_gardened_gates, serial_shops,
          nicolae_shop_hallway_stairs, enter_ossuary_5,
          small_statue_intersection
D:6:      layout_cave_pods
D:7:      layout_rooms, fedhas_altar_3, serial_shops, nicolae_shop_behind_doors,
          enter_bailey_1, gammafunk_ghost_arena, uniq_prince_ribbit1,
          uniq_crazy_yiuf_cottage, uniq_menkaure
D:8:      minmay_cornered_nines, layout_basic, serial_shops,
          nicolae_diamond_shop
Temple:   nicolae_temple_superstar

Skill      XL: |  1  2  3  4  5  6  7  8  9 10 |
---------------+-------------------------------+-----
Fighting       | 1 2 3 4 5 6 10 | 10.0
Spellcasting   | 3 4 5 6 7 |  7.0
Necromancy     | 4 5 6 |  6.0
Maces & Flails | 5 8 |  8.5
Shields        | 5 6 |  6.1
Dodging        | |  1.7
Stealth        | |  1.4

Action                   |  1- 3 |  4- 6 |  7- 9 | 10-12 || total
-------------------------+-------+-------+-------+-------++-------
Melee: Dagger            |    35 |    31 |     5 |       ||    71
       Flail             |       |       |   148 |       ||   148
       Morningstar       |       |       |       |    90 ||    90
 Cast: Necrotise         |    34 |   168 |   214 |    58 ||   474
       Vampiric Draining |       |     5 |    28 |     7 ||    40
       Animate Dead      |       |       |     2 |     1 ||     3
Evoke: Wand              |       |       |     3 |     1 ||     4
  Use: Scroll            |       |       |    11 |     1 ||    12
       Potion            |       |       |     1 |       ||     1
 Stab: Distracted        |     1 |       |       |       ||     1
       Paralysed         |       |       |     2 |     4 ||     6
Armor: Robe              |    16 |    31 |   123 |    46 ||   216
Dodge: Dodged            |    26 |    33 |   140 |    43 ||   242
Block: Kite shield       |       |       |    43 |    66 ||   109
